 Dungeon Crawl Stone Soup version 0.19-a0-459-gb8ed64d (webtiles) character file.

2 ololoev the Firebug (level 1, -1/10 HPs)
             Began as a Deep Elf Fire Elementalist on June 2, 2016.
             Slain by an adder (3 damage)
             ... on level 2 of the Dungeon.
             The game lasted 00:00:46 (97 turns).

ololoev the Firebug (Deep Elf Fire Elementalist)      Turns: 97, Time: 00:00:47

Health: -1/10      AC:  2    Str:  5    XL:     1   Next: 33%
Magic:  2/6        EV: 18    Int: 19    God:
Gold:   7          SH:  0    Dex: 20    Spells: 1 memorised, 5 levels left

rFire  . . .     SeeInvis .     (no weapon)
rCold  . . .     Gourm    .     a - +0 robe
rNeg   . . .     Faith    .     (no shield)
rPois  .         Spirit   .     (no helmet)
rElec  .         Dismiss  .     (no cloak)
rCorr  .         Reflect  .     (no gloves)
SustAt .         Harm     .     (no boots)
MR     .....                    (no amulet)
Stlth  +++.......               (no ring)
                                (no ring)

@: agile, lethally poisoned (-1 -> -8), very slightly contaminated, not
resistant to hostile enchantments, fairly stealthy
A: no striking features
a: no special abilities

Inventory:

Armour
 a - a +0 robe (worn)
Scrolls
 e - 2 scrolls of immolation {unknown}
 g - a scroll of amnesia {unknown}
 h - a scroll of magic mapping {unknown}
Potions
 d - a potion of agility
Books
 b - a book of Flames

   Spells                             Type                      Level
   a - Flame Tongue                   Conjuration/Fire             1
   b - Throw Flame                    Conjuration/Fire             2
   c - Conjure Flame                  Conjuration/Fire             3
   d - Inner Flame                    Hexes/Fire                   3
   e - Sticky Flame                   Conjuration/Fire             4
   f - Fireball                       Conjuration/Fire             5
Comestibles
 c - a bread ration
 f - 2 slices of pizza


   Skills:
 - Level 2.4 Dodging
 - Level 2.4 Stealth
 + Level 3.0 Spellcasting
 * Level 1.4 Conjurations
 + Level 3.2 Fire Magic


You had 5 spell levels left.
You knew the following spells:

 Your Spells              Type           Power        Failure   Level  Hunger
a - Flame Tongue          Conj/Fire      ##...        8%          1    None


You were on level 2 of the Dungeon.
You were not hungry.

You visited 1 branch of the dungeon, and saw 2 of its levels.

You collected 7 gold pieces.

#..._..................
##._..._........#.###...
#............##.......).
#....⌠.......##.###+###
#............##.#
#.._..._.....##.###.###
#...._.......##.###_!.+
#.........#####S###.###
###.....### #@# #######
#.# #). ####

Notes
Turn   | Place    | Note
--------------------------------------------------------------
     0 | D:1      | ololoev the Deep Elf Fire Elementalist began the quest for the Orb.
     0 | D:1      | Reached XP level 1. HP: 10/10 MP: 6/6
    61 | D:2      | Found an ancient bone altar of Kikubaaqudgha.
    61 | D:2      | Found a bloodstained altar of Trog.
    61 | D:2      | Found a basalt altar of Yredelemnul.
    61 | D:2      | Found a shattered altar of Ashenzari.
    61 | D:2      | Found a glowing golden altar of the Shining One.
    61 | D:2      | Found a sparkling altar of Nemelex Xobeh.
    89 | D:2      | Found a stormy altar of Qazlal.
    97 | D:2      | Slain by an adder

Dungeon Overview and Level Annotations

Branches:
Dungeon (2/15)

Altars:
Ashenzari
Kikubaaqudgha
Nemelex Xobeh
Qazlal
Trog
Yredelemnul
The Shining One


Message History

f - a slice of pizza
Found 2 scrolls labeled AWNUWA ZIAM.
e - 2 scrolls labeled AWNUWA ZIAM
Found a scroll labeled VOCVOT FETUY and 18 stones.
Found 34 bolts.
Found a short sword.
Found an escape hatch in the floor.
g - a scroll labeled VOCVOT FETUY You open the door.
There is an open door here.
You open the door.
There is an open door here.
You open the door.
There is an open door here.
You open the door.
There is an open door here.
There is an escape hatch in the floor here.
You slide downwards.
The hatch slams shut behind you.
A goblin comes into view.
Found a slice of pizza, 7 gold pieces and a scroll labeled QUOPEI JYACW.
Found six altars.
f - 2 slices of pizza (gained 1)
You now have 7 gold pieces.
Casting: Flame Tongue
Confirm with . or Enter, or press ? or * to list all spells.
Aiming: Flame Tongue
Press: ? - help, Shift-Dir - straight line, f - goblin
Aim: a goblin (resting)
The flame tongue hits the goblin.
You kill the goblin!
h - a scroll labeled QUOPEI JYACW
Things that are here:
a hunting sling; 14 stones; a goblin corpse
Found a stone staircase leading up.
Found a meat ration.
A goblin comes into view. It is wielding a club.
The goblin shouts!
An ooze comes into view.
An adder comes into view.
Found a club.
Found a club.
Found 2 puce potions.
Found a stormy altar of Qazlal.
Casting: Flame Tongue
Confirm with . or Enter, or press ? or * to list all spells.
Aiming: Flame Tongue
Press: ? - help, Shift-Dir - straight line, f - goblin
Aim: a goblin, wielding a club The flame tongue hits the goblin.
The goblin is moderately wounded.
Casting: Flame Tongue
Confirm with . or Enter, or press ? or * to list all spells.
Aiming: Flame Tongue
Press: ? - help, Shift-Dir - straight line, f/p - goblin
Aim: a goblin, wielding a club (moderately wounded)
You miscast Flame Tongue.
You are very lightly contaminated with residual magic.
Wisps of smoke drift from your hands. The goblin barely misses you.
Casting: Flame Tongue
Confirm with . or Enter, or press ? or * to list all spells.
Aiming: Flame Tongue
Press: ? - help, Shift-Dir - straight line, f/p - goblin
Aim: a goblin, wielding a club (moderately wounded)
The flame tongue hits the goblin.
You kill the goblin!
Casting: Flame Tongue
Confirm with . or Enter, or press ? or * to list all spells.
Aiming: Flame Tongue
Press: ? - help, Shift-Dir - straight line, f - adder
Aim: an adder The flame tongue hits the adder.
The adder is moderately wounded.
The adder bites you.
Ouch! That really hurt!
The adder bites you.
You are lethally poisoned!
The adder poisons you!
It was a potion of agility.
You feel agile all of a sudden.
You feel sick. The adder bites you.
You die...

You could see an adder.

Vanquished Creatures
  2 goblins (D:2)
  A kobold (D:1)
  A rat (D:1)
4 creatures vanquished.

Action                   || total
-------------------------++-------
 Cast: Flame Tongue      ||     6
  Use: Potion            ||     1
Dodge: Dodged            ||     1

Vault maps used:
D:1:      dpeg_arrival_arbitrary_b
D:2:      lemuel_doored_altar, grunt_temple_overflow_open, first_bread
